AoeStats
← Coyunto90

Golden Pit

509940786Analyzed
1v1 RM · 4d ago on Sep 28, 2026· 49m 13s· 2 players
Game mode
Random Map
Map size
Tiny (2 player)
Population
200
Speed
Normal
Resources
Standard
Victory
Conquest
Starting age
Dark Age
Ending age
Imperial Age
RankedLock teamsTeams togetherTeam positionsShared explorationLock speedFull tech treeHidden civsTurbo modeCheats
Victory
Defeat
🇳🇱 Gurjaras · Netherlands
1128
+17
🇪🇸 Burgundians · Spain
1141
-17
brandbaria
7:23 Loom
10:25 Feudal Age
14:02 Forging
13:57 Scale Barding Armor
20:56 Castle Age
19:01 Double-Bit Axe
19:14 Horse Collar
19:55 Stone Mining
22:20 Bow Saw
22:14 Heavy Plow
22:06 Gold Mining
27:27 Bloodlines
27:17 Husbandry
28:38 Scale Barding Armor
28:44 Forging
30:18 Chain Barding Armor
31:04 Iron Casting
31:09 Wheelbarrow
35:57 Imperial Age
36:27 Heavy Camel Rider
38:52 Plate Barding Armor
44:22 Chemistry
44:10 Padded Archer Armor
46:08 Conscription
47:35 Leather Archer Armor
48:38 Frontier Guards
49:59 Gold Shaft Mining
Coyunto90
10:35 Feudal Age
9:41 Double-Bit Axe
11:33 Loom
12:25 Bow Saw
16:57 Town Watch
22:10 Castle Age
20:59 Horse Collar
21:44 Scale Mail Armor
23:20 Arson
23:41 Squires
24:34 Chain Mail Armor
24:23 Pikeman
26:21 Gold Mining
33:53 Forging
37:23 Imperial Age
35:29 Wheelbarrow
36:06 Burgundian Vineyards
37:15 Two-Man Saw
36:18 Heavy Plow
37:01 Masonry
37:01 Murder Holes
37:25 Fletching
38:15 Bodkin Arrow
39:55 Chemistry
38:45 Halberdier
39:59 Architecture
40:13 Plate Mail Armor
40:23 Hoardings
40:47 Conscription
42:59 Iron Casting
47:49 Bracer
48:22 Padded Archer Armor
49:23 Blast Furnace
49:02 Ballistics
Connection lost

Rejoining the realm…

Still unreachable

The connection could not be restored.

Session expired

The server has moved on; the page needs a fresh start.